Map: Primeval Wilds

Players

thejatt

  • Race: Zerg Zerg
  • Spawn Location: 5:00

Nanook

  • Race: Zerg Zerg
  • League: Platinum
  • Spawn Location: 6:00

sarmale

  • Race: Protoss Protoss
  • Spawn Location: 6:00

coeurdeglace

  • Race: Terran Terran
  • League: Silver
  • Spawn Location: 7:00

naumov - Winner!

  • Race: Zerg Zerg
  • League: Gold
  • Spawn Location: 12:00

Hreidmar - Winner!

  • Race: Protoss Protoss
  • Spawn Location: 9:00

dDd - Winner!

  • Race: Protoss Protoss
  • League: Silver
  • Spawn Location: 12:00

Winthrowe - Winner!

  • Race: Terran Terran
  • League: Silver
  • Spawn Location: 3:00

VOD

Have the link to the VOD?

Description

Time

  • Played on: Sept. 3, 2017, 4:37 p.m.
  • Length: 13:51
Show
View Real Time Build Order
Export as new Build Order

thejatt Zerg 

Build Orders: Pool First 

Get SALT Encoding   

  12  0:07  Drone  
  13  0:19  Drone  
  14  0:26  Overlord  
  14  0:46  Spawning Pool  
  13  0:55  Drone  
  13  0:56  Drone  
  13  0:57  Drone  
  16  1:08  Drone  
  17  1:26  Extractor  
  16  1:48  Zergling x2  
  16  1:49  Zergling x4  
  19  2:00  Zergling x2  
  20  2:13  Zergling x2  
  20  2:14  Hatchery  
  20  2:24  Zergling x2  
  21  2:43  Drone  
  21  3:04  Zergling x2  
  21  3:05  Overlord x2  
  21  3:23  Queen  
  22  3:33  Zergling x4  
  21  3:42  Queen, Drone x2  
  21  3:43  Overlord  
  21  3:47  Metabolic Boost  
  25  3:53  Drone  
  25  3:54  Drone  
  27  4:07  Spore Crawler  
  27  4:08  Spore Crawler  
  25  4:10  Spore Crawler  
  25  4:12  Drone x2  
  25  4:13  Spore Crawler  
  25  4:14  Zergling x4  
  27  4:18  Lair  
  25  4:42  Drone  
  25  4:43  Drone x2  
  25  4:44  Drone x2  
  29  4:47  Drone x2  
  29  4:48  Drone  
  32  4:55  Zergling x2  
  33  5:07  Zergling x2  
  33  5:09  Drone  
  35  5:16  Zergling x2  
  35  5:17  Zergling x4  
  35  5:18  Zergling x2  
  35  5:19  Zergling x2  
  40  5:22  Drone  
  41  5:34  Zergling x4  
  42  5:39  Hatchery  
  42  5:40  Zergling x2  
  42  5:43  Drone x3  
  42  5:45  Drone x2  
  42  5:47  Hydralisk Den  
  44  6:02  Zergling x2  
  44  6:04  Zergling x2, Drone x3  
  45  6:14  Extractor, Drone  
  45  6:15  Extractor, Drone  
  45  6:16  Drone x3  
  48  6:18  Extractor  
  48  6:23  Spine Crawler  
  46  6:25  Spine Crawler  
  45  6:41  Drone x2  
  45  6:43  Muscular Augments  
  48  6:47  Evolution Chamber, Drone x3  
  48  6:49  Drone x2  
  48  6:50  Evolution Chamber  
  48  6:53  Hydralisk  
  52  7:04  Drone x3  
  52  7:07  Infestation Pit  
  47  7:37  Drone x3  
  50  7:52  Hydralisk x4  
  50  7:54  Zerg Missile Weapons Level 1, Zerg Ground Armor Level 1  
  50  7:55  Overlord x3  
  50  7:56  Overlord x2  
  58  8:13  Hydralisk x2  
  60  8:25  Hydralisk x2  
  63  8:27  Hydralisk x5  
  63  8:28  Hydralisk  
  75  8:37  Hydralisk x2  
  79  9:06  Hydralisk x3  
  79  9:07  Hydralisk x3  
  79  9:09  Overlord x2  
  91  9:30  Hydralisk x2  
  95  9:32  Hydralisk x3  
  101  9:39  Hive  
  101  9:40  Hydralisk  
  101  9:44  Hydralisk  
  105  9:47  Zergling x4  
  105  9:49  Zergling x2  
  108  9:58  Overlord x2  
  108  10:08  Spire  
  107  10:22  Overseer x2  
  107  10:39  Hydralisk x5  
  107  10:40  Hydralisk  
  119  10:43  Hydralisk  
  119  10:44  Zergling x6  
  119  10:46  Overlord  
  119  10:49  Overlord  
  102  11:16  Hydralisk  
  102  11:17  Hydralisk x4  
  112  11:18  Hydralisk x3  
  112  11:19  Zergling x2  
  112  11:20  Zergling x2  
  120  11:30  Hydralisk x2  
  124  11:38  Zergling x4  
  126  11:41  Mutalisk  
  121  12:06  Hydralisk x2  
  121  12:07  Mutalisk x2  
  127  12:26  Mutalisk  
  127  12:27  Mutalisk  
  127  12:58  Mutalisk x3  
  127  12:59  Mutalisk  
  77  13:19  Mutalisk x2  
  63  13:21  Zergling x10  
  63  13:22  Zergling x2  
Show
View Real Time Build Order
Export as new Build Order

Nanook Zerg 

Build Orders: Hatch First 

Get SALT Encoding   

  12  0:06  Drone  
  13  0:31  Drone  
  13  0:32  Extractor  
  13  0:33  Drone  
  15  1:15  Hatchery  
  14  1:32  Overlord  
  14  1:34  Spawning Pool  
  14  1:35  Drone  
  14  1:36  Extractor  
  14  1:37  Drone  
  14  2:10  Drone x3  
  17  2:23  Queen  
  17  2:24  Roach Warren  
  17  2:26  Queen  
  17  2:28  Drone  
  21  2:31  Overlord  
  21  2:43  Spine Crawler  
  20  2:45  Spore Crawler  
  20  2:47  Spine Crawler  
  18  3:06  Roach x3  
  24  3:17  Roach  
  26  3:23  Queen  
  28  3:45  Roach x3  
  34  4:07  Roach  
  36  4:10  Overlord  
  40  4:38  Roach x3  
  40  4:39  Roach  
  40  4:41  Overlord  
  44  5:10  Ravager  
  44  5:13  Ravager  
  46  5:18  Extractor  
  45  5:21  Drone x2  
  45  5:22  Drone x4  
  51  5:56  Overlord x2  
  51  6:06  Hatchery  
  50  6:14  Ravager x3  
  41  6:33  Drone  
  41  6:34  Drone x3  
  43  6:44  Roach x2  
  40  7:15  Roach x2  
  40  7:16  Roach  
  38  7:33  Roach  
  38  7:34  Roach  
  42  8:10  Drone x6  
  48  8:15  Queen  
  50  8:35  Lair  
  50  8:36  Drone x3  
  50  8:37  Drone x2  
  55  9:11  Roach x4  
  55  9:14  Hatchery  
  55  9:16  Ravager  
  55  9:17  Ravager  
  64  9:21  Extractor  
  64  9:22  Extractor  
  62  9:27  Hatchery  
  61  9:32  Roach x3  
  67  9:48  Drone  
  68  9:54  Overlord x6  
  68  10:16  Roach x3  
  68  10:17  Roach  
  76  10:30  Ravager x4  
  76  10:31  Ravager  
  57  11:04  Roach x6  
  50  11:05  Roach x7  
  50  11:06  Roach  
  64  11:14  Hydralisk Den  
  63  11:31  Queen, Drone x2  
  63  11:32  Drone  
  68  11:42  Evolution Chamber  
  68  11:43  Evolution Chamber  
  66  11:56  Ravager x2  
  66  11:57  Ravager x5  
  73  12:02  Ravager  
  73  12:07  Extractor, Drone x3  
  73  12:08  Extractor, Drone x3  
  79  12:11  Drone x2  
  80  12:32  Ravager x4  
  80  12:35  Drone x3  
  80  12:36  Drone  
  88  12:46  Overlord  
  88  12:47  Overlord x2  
  79  13:08  Roach x2  
  79  13:09  Roach x3  
  79  13:10  Roach  
  77  13:19  Hydralisk x2  
Show
View Real Time Build Order
Export as new Build Order

sarmale Protoss 

Build Orders:  

Get SALT Encoding   

  12  0:02  Probe (Chrono Boost)  
  13  0:13  Probe (Chrono Boost)  
  14  0:20  Pylon  
  14  0:25  Probe (Chrono Boost)  
  15  0:38  Probe (Chrono Boost)  
  16  0:47  Forge  
  16  0:50  Gateway  
  16  0:59  Probe (Chrono Boost)  
  17  1:07  Assimilator  
  17  1:09  Probe (Chrono Boost)  
  18  1:20  Probe (Chrono Boost)  
  19  1:39  Probe (Chrono Boost)  
  20  1:44  Photon Cannon  
  20  1:45  Zealot  
  22  1:50  Probe (Chrono Boost)  
  22  1:52  Pylon  
  23  2:09  Pylon  
  23  2:10  Probe (Chrono Boost)  
  24  2:29  Photon Cannon  
  24  2:30  Photon Cannon  
  24  2:33  Pylon  
  24  2:35  Photon Cannon  
  25  2:37  Probe (Chrono Boost)  
  25  2:41  Photon Cannon  
  25  2:47  Probe (Chrono Boost)  
  26  2:53  Photon Cannon  
  26  2:57  Photon Cannon  
  25  3:15  Cybernetics Core  
  23  3:20  Assimilator  
  23  3:25  Gateway  
  23  3:32  Gateway  
  23  3:45  Zealot  
  25  3:55  Warp Gate (Chrono Boost)  
  25  4:10  Nexus  
  25  4:12  Zealot  
  25  4:14  Pylon  
  28  4:17  Probe (Chrono Boost)  
  28  4:23  Stalker  
  28  5:03  Stalker x2  
  28  5:04  Stalker  
  34  5:14  Pylon  
  34  5:20  Probe  
  35  5:31  Probe  
  38  5:38  Photon Cannon  
  38  5:41  Probe  
  37  5:52  Stalker x3  
  31  6:31  Stalker x3  
  33  6:43  Pylon  
  33  6:57  Gateway  
  33  6:59  Gateway  
  33  7:01  Gateway  
  33  7:04  Mothership Core  
  33  7:05  Gateway  
  33  7:06  Pylon  
  33  7:09  Pylon  
  32  7:18  Twilight Council  
  30  7:37  Assimilator  
  28  7:41  Assimilator  
  28  7:43  Protoss Ground Weapons Level 1 (Chrono Boost)  
  28  7:56  Blink  
  28  8:01  Dark Shrine  
  28  8:04  Gateway  
  28  8:16  Probe  
  29  8:28  Probe  
  30  8:40  Probe  
  31  8:41  Pylon  
  31  8:45  Stalker  
  31  8:46  Stalker x2  
  37  8:52  Probe  
  38  8:58  Pylon  
  38  9:04  Probe  
  39  9:19  Pylon  
  39  9:25  Dark Templar x3  
  39  9:26  Pylon  
  45  9:43  Photon Cannon  
  44  9:46  Photon Cannon  
  44  9:50  Pylon  
  44  9:52  Pylon  
  44  9:58  Resonating Glaives  
  44  10:11  Dark Templar x3  
  44  10:49  Stalker x3  
  44  10:50  Stalker x4  
  44  11:04  Stalker  
  37  11:19  Dark Templar x3  
  33  12:12  Robotics Facility  
  33  12:19  Dark Templar x3  
  33  12:20  Dark Templar x4  
  47  12:31  Archon x2  
  47  12:32  Archon  
  47  13:14  Stalker x2  
  47  13:15  Stalker x5  
  35  13:37  Dark Templar  
  35  13:38  Dark Templar x3  
Show
View Real Time Build Order
Export as new Build Order

coeurdeglace Terran 

Build Orders:  

Get SALT Encoding   

  12  0:08  SCV  
  4  2:40  SCV  
  3  3:18  SCV  
  4  3:51  SCV  
  5  4:15  SCV  
  6  4:27  SCV  
  7  4:39  SCV  
  8  4:51  SCV  
  9  5:03  SCV  
  10  5:15  SCV  
  10  5:16  Supply Depot  
  11  5:28  SCV  
  12  5:40  SCV  
  13  5:52  SCV  
  14  5:59  Barracks  
  15  6:04  SCV  
  15  6:16  SCV  
  16  6:18  Refinery  
  16  6:19  Refinery  
  16  6:28  SCV  
  17  6:40  SCV  
  18  6:52  Barracks Tech Lab, SCV  
  19  6:56  Barracks Reactor  
  19  7:04  SCV  
  19  8:23  Refinery  
  19  8:25  Refinery  
  19  8:28  Barracks Reactor  
  19  8:46  Supply Depot  
  19  8:47  Supply Depot  
Show
View Real Time Build Order
Export as new Build Order

naumov Zerg - Winner!

Build Orders: Hatch First, Lurkers 

Get SALT Encoding   

  12  0:39  Hatchery  
  11  0:45  Drone x2  
  13  0:56  Drone  
  14  1:12  Spawning Pool  
  13  1:23  Drone  
  14  1:28  Overlord  
  14  1:31  Extractor x2, Drone  
  13  1:38  Drone  
  14  2:02  Zergling x4  
  14  2:03  Queen  
  18  2:08  Zergling x4  
  20  2:18  Zergling x2  
  20  2:19  Zergling x2  
  21  3:11  Zergling x2  
  21  3:12  Zergling x4  
  24  3:13  Metabolic Boost  
  24  3:20  Zergling x6  
  27  3:28  Overlord  
  26  3:35  Queen  
  26  3:52  Zergling x8  
  30  3:57  Drone x3  
  30  4:00  Drone  
  34  4:18  Roach Warren, Drone  
  28  4:50  Overlord x2  
  28  4:55  Drone  
  28  4:56  Drone x2  
  28  4:59  Drone x3  
  35  5:00  Drone  
  35  5:13  Roach x2  
  39  5:15  Roach  
  41  5:23  Roach x2  
  41  5:24  Roach  
  44  5:37  Ravager  
  44  5:38  Ravager  
  44  5:40  Roach  
  44  5:41  Roach x2  
  49  5:56  Ravager  
  51  5:57  Ravager x2  
  52  6:15  Overlord x3  
  52  6:16  Overlord  
  52  6:36  Roach  
  52  6:37  Roach x3  
  52  6:38  Roach  
  52  6:39  Roach x2  
  66  6:46  Drone  
  67  6:53  Lair  
  67  7:37  Drone x2  
  67  7:38  Drone x4  
  67  7:43  Extractor  
  72  8:01  Hydralisk Den  
  71  8:30  Lurker Den  
  71  8:33  Drone x2  
  71  8:34  Drone x4  
  75  8:37  Drone x3  
  75  8:38  Drone x4  
  84  8:42  Extractor  
  84  8:46  Overlord x3  
  84  8:47  Overlord x2  
  83  9:06  Hydralisk  
  83  9:07  Hydralisk x4  
  93  9:17  Roach Warren  
  93  9:21  Evolution Chamber  
  92  9:27  Evolution Chamber  
  92  9:28  Evolution Chamber  
  90  9:32  Infestation Pit, Hydralisk x2  
  90  9:37  Hydralisk x4  
  90  9:38  Hydralisk x4  
  109  9:54  Zerg Missile Weapons Level 1  
  109  9:56  Zerg Ground Armor Level 1  
  109  10:16  Muscular Augments  
  105  10:38  Hydralisk  
  105  10:39  Hydralisk x5  
  117  10:46  Lurker  
  118  10:58  Lurker  
  119  11:10  Lurker  
  120  11:16  Lurker x3  
  123  11:25  Hatchery  
  122  11:28  Extractor  
  122  11:29  Extractor  
  118  12:15  Lurker x2  
  120  12:19  Zergling x2  
  120  12:20  Zergling x6  
  124  12:25  Overlord x3  
Show
View Real Time Build Order
Export as new Build Order

Hreidmar Protoss - Winner!

Build Orders:  

Get SALT Encoding   

  12  0:02  Probe (Chrono Boost)  
  13  0:12  Probe (Chrono Boost)  
  14  0:23  Probe (Chrono Boost)  
  14  0:25  Pylon  
  15  0:43  Probe (Chrono Boost)  
  16  0:54  Probe (Chrono Boost)  
  17  1:03  Gateway  
  17  1:04  Probe (Chrono Boost)  
  18  1:19  Probe (Chrono Boost)  
  18  1:23  Assimilator  
  19  1:27  Pylon  
  20  1:33  Probe (Chrono Boost)  
  20  1:43  Probe (Chrono Boost)  
  21  1:50  Zealot  
  23  1:54  Cybernetics Core  
  23  1:56  Probe (Chrono Boost)  
  24  2:07  Probe (Chrono Boost)  
  25  2:17  Zealot, Probe (Chrono Boost)  
  28  2:31  Nexus  
  28  2:34  Warp Gate (Chrono Boost)  
  28  2:44  Zealot  
  28  2:45  Probe  
  29  2:57  Probe  
  29  2:58  Assimilator  
  30  3:02  Gateway  
  30  3:03  Pylon  
  26  3:49  Gateway  
  26  3:50  Gateway  
  26  3:52  Zealot  
  28  3:58  Twilight Council  
  28  4:00  Mothership Core  
  30  4:10  Probe  
  31  4:20  Probe  
  31  4:21  Probe  
  33  4:33  Probe  
  34  4:45  Charge (Chrono Boost)  
  34  4:47  Zealot  
  34  4:48  Probe  
  34  4:50  Probe  
  38  4:53  Pylon  
  38  4:56  Pylon  
  38  5:03  Zealot x2  
  38  5:10  Zealot  
  40  5:15  Pylon  
  40  5:24  Zealot x2  
  44  5:33  Zealot  
  46  5:41  Pylon  
  46  5:51  Zealot x2  
  50  6:16  Zealot x3  
  52  6:30  Mothership Core  
  46  6:37  Zealot  
  46  6:38  Zealot x2  
  48  6:46  Probe  
  48  6:48  Pylon  
  48  6:51  Gateway  
  48  6:52  Probe  
  50  7:01  Zealot x3  
  52  7:16  Probe  
  52  7:18  Probe  
  52  7:21  Assimilator  
  52  7:25  Assimilator  
  52  7:29  Gateway  
  52  7:30  Gateway, Probe  
  52  7:33  Pylon  
  52  7:35  Forge  
  52  7:36  Forge  
  53  7:38  Robotics Facility, Zealot x3  
  53  7:42  Probe  
  53  7:43  Probe  
  61  7:55  Zealot  
  63  8:01  Zealot x3  
  69  8:27  Zealot  
  69  8:28  Zealot x3  
  69  8:29  Observer  
  78  8:34  Nexus  
  78  8:35  Blink (Chrono Boost), Pylon  
  78  8:36  Pylon  
  78  8:48  Zealot, Pylon  
  78  8:49  Zealot x3  
  78  8:54  Observer  
  87  9:02  Zealot x2  
  91  9:12  Pylon  
  91  9:14  Pylon  
  91  9:27  Zealot  
  91  9:28  Zealot x4  
  101  9:41  Zealot  
  103  9:49  Probe x2  
  103  9:51  Probe  
  106  9:55  Zealot  
  106  9:56  Zealot x3  
  114  10:03  Probe  
  111  10:09  Observer  
  110  10:24  Probe x2  
  110  10:25  Probe  
  113  10:31  Observer  
  113  10:34  Probe x2  
  114  10:37  Pylon, Probe  
  114  10:40  Pylon  
  114  10:42  Pylon  
  117  10:45  Probe  
  117  10:49  Pylon  
  114  10:52  Observer  
  75  11:08  Zealot x3  
  75  11:09  Zealot x3  
  83  11:16  Probe x2  
  83  11:17  Probe  
  80  11:22  Protoss Ground Armor Level 1 (Chrono Boost), Protoss Ground Weapons Level 1 (Chrono Boost)  
  66  11:26  Observer  
  66  11:29  Zealot x5, Probe  
  66  11:30  Zealot  
  80  11:38  Photon Cannon  
  80  11:41  Photon Cannon  
  79  11:47  Observer  
  80  11:54  Zealot  
  80  11:55  Zealot x4  
  90  12:09  Observer  
  90  12:13  Probe  
  90  12:14  Probe x2  
  94  12:16  Pylon  
  94  12:23  Nexus, Probe  
  94  12:27  Probe x2  
  97  12:30  Zealot x4  
  105  12:39  Zealot x2  
  109  12:55  Zealot  
  109  12:56  Zealot x3  
  93  13:27  Zealot x2  
  93  13:28  Zealot x4  
  97  13:34  Photon Cannon  
Show
View Real Time Build Order
Export as new Build Order

dDd Protoss - Winner!

Build Orders:  

Get SALT Encoding   

  12  0:02  Probe (Chrono Boost)  
  13  0:16  Pylon  
  13  0:23  Probe (Chrono Boost)  
  14  0:28  Assimilator  
  13  0:44  Forge  
  13  1:05  Probe (Chrono Boost)  
  14  1:22  Photon Cannon  
  14  1:30  Gateway  
  14  1:35  Pylon  
  14  1:41  Probe (Chrono Boost)  
  14  1:46  Assimilator  
  15  2:10  Gateway  
  15  2:13  Probe (Chrono Boost)  
  16  2:29  Probe (Chrono Boost)  
  17  2:38  Cybernetics Core  
  17  2:47  Nexus  
  17  3:15  Mothership Core (Chrono Boost)  
  19  3:22  Stargate  
  19  4:06  Stalker  
  21  4:10  Protoss Air Weapons Level 1  
  21  4:11  Void Ray  
  21  4:15  Protoss Shields Level 1  
  25  4:28  Pylon  
  25  4:36  Probe (Chrono Boost)  
  26  5:17  Void Ray  
  26  5:19  Stalker  
  26  7:21  Void Ray  
  30  7:32  Fleet Beacon  
  30  7:33  Stalker  
  30  7:34  Stargate  
  32  7:37  Protoss Air Armor Level 1  
  32  7:39  Stargate  
  32  7:41  Probe (Chrono Boost)  
  33  7:45  Assimilator  
  33  7:50  Assimilator  
  33  7:52  Mothership Core (Chrono Boost), Probe (Chrono Boost)  
  36  8:02  Probe (Chrono Boost)  
  36  8:03  Stalker  
  40  8:13  Probe (Chrono Boost)  
  40  8:18  Graviton Catapult  
  40  8:23  Probe (Chrono Boost)  
  41  8:40  Carrier  
  47  9:04  Carrier  
  53  9:13  Probe (Chrono Boost)  
  54  9:24  Pylon  
  54  9:42  Probe x2 (Chrono Boost)  
  38  11:30  Carrier  
  38  11:31  Carrier  
  38  11:32  Carrier  
  58  11:47  Mothership Core (Chrono Boost)  
  58  12:01  Twilight Council  
  58  12:56  Void Ray  
Show
View Real Time Build Order
Export as new Build Order

Winthrowe Terran - Winner!

Build Orders:  

Get SALT Encoding   

  12  0:03  SCV  
  13  0:18  SCV  
  14  0:30  Supply Depot  
  14  0:33  SCV  
  15  1:03  SCV  
  13  1:15  SCV  
  13  1:27  SCV  
  14  1:39  SCV  
  15  1:51  SCV  
  16  2:04  SCV  
  17  2:27  Barracks  
  17  2:43  Refinery, SCV, Barracks  
  18  2:55  SCV  
  19  3:07  SCV  
  20  3:19  SCV  
  21  3:21  Marine  
  21  3:23  Engineering Bay  
  22  3:31  SCV, Engineering Bay  
  23  3:45  Orbital Command  
  23  3:55  Supply Depot  
  23  4:17  Marine  
  23  4:19  Ghost Academy  
  23  4:20  Barracks Tech Lab  
  23  4:21  Missile Turret  
  24  4:34  Marine  
  25  4:41  Refinery  
  25  4:52  Marine  
  24  5:10  Marine  
  24  5:13  Bunker  
  25  5:24  Marine  
  26  5:29  Barracks Reactor  
  25  5:52  Marauder  
  27  5:57  Terran Infantry Weapons Level 1  
  27  6:04  Terran Infantry Armor Level 1  
  26  6:12  Marine  
  26  6:15  SCV  
  28  6:19  Marine x2  
  30  6:27  SCV  
  30  6:30  Marine  
  30  6:33  Barracks  
  30  6:37  Marine  
  31  6:51  Marine  
  31  6:55  SCV  
  31  6:56  Marine  
  31  6:58  Marauder  
  28  7:04  Factory  
  28  7:08  SCV  
  29  7:09  Marine  
  29  7:14  Marine  
  31  7:26  Supply Depot  
  31  7:28  Marine  
  31  7:29  SCV, Marauder  
  35  7:38  Marine  
  36  7:46  Marine  
  36  7:49  Supply Depot  
  37  8:07  Marine x2  
  37  8:12  Barracks Reactor  
  39  8:15  Siege Tank  
  42  8:30  Marine  
  42  8:31  Marine  
  44  8:35  Command Center  
  44  8:47  Siege Tank  
  47  8:48  Marine  
  47  8:49  Marine  
  49  9:06  Marine x2  
  49  9:08  Factory  
  51  9:19  Siege Tank, Refinery  
  51  9:20  Marine x2  
  51  9:24  Marine x2, Refinery  
  58  9:35  SCV  
  58  9:37  Armory  
  58  9:38  Marine x2  
  60  9:42  Marine x2  
  63  9:51  SCV  
  63  9:52  Siege Tank, SCV  
  68  9:55  Marine  
  68  9:56  Marine  
  68  9:59  Marine  
  70  10:00  Marine  
  70  10:03  SCV  
  70  10:04  Supply Depot, SCV  
  74  10:09  Supply Depot  
  74  10:13  Marine  
  74  10:14  Marine  
  75  10:16  SCV  
  75  10:17  Marine  
  78  10:25  Marine  
  78  10:26  Siege Tank, Terran Infantry Weapons Level 2  
  82  10:32  Terran Infantry Armor Level 2  
  82  10:37  Factory Tech Lab  
  82  10:42  Supply Depot  
  82  10:54  Marine x4  
  68  11:04  Supply Depot  
  49  11:11  Marine  
  49  11:12  Marine  
  51  11:35  SCV x2  
  53  11:42  Siege Tank  
  56  11:47  SCV x2  
  58  11:59  SCV x2  
  58  12:01  Marine x4  
  64  12:11  SCV x2  
  66  12:16  Armory  
  66  12:18  Marine  
  66  12:19  Marine x3  
  70  12:23  SCV  
  70  12:24  SCV  
  72  12:30  Siege Tank x2  
  72  13:08  Command Center  
  72  13:17  Siege Tank  
  72  13:18  Siege Tank  
Tags
 
Add a new tag
Caveats
  • Supply blocks, unpowered buildings, or Contaminate may cause inaccurate times.
  • Supply counts are checked every 10 seconds.